Map: Королевская бухта РВ

Players

sergeyvbo - Winner!

  • Race: Protoss Protoss
  • League: Platinum
  • Spawn Location: 5:00

CheesyTaste

  • Race: Protoss Protoss
  • League: Platinum
  • Spawn Location: 11:00

VOD

Have the link to the VOD?

Description

Time

  • Played on: June 22, 2019, 11:01 a.m.
  • Length: 7:49
Show
View Real Time Build Order
Export as new Build Order

sergeyvbo Protoss - Winner!

Build Orders:  

Get SALT Encoding   

  12  0:01  Probe  
  13  0:13  Probe  
  14  0:18  Pylon  
  14  0:22  Probe  
  15  0:32  Probe  
  15  0:41  Gateway  
  15  0:42  Probe  
  17  0:51  Assimilator  
  17  0:54  Probe  
  18  1:01  Assimilator  
  18  1:24  Gateway  
  18  1:31  Cybernetics Core  
  18  1:34  Pylon  
  18  1:36  Probe  
  19  1:49  Probe  
  20  2:07  Stalker, Pylon  
  22  2:10  Stalker, Warp Gate  
  24  2:26  Probe  
  25  2:34  Probe  
  25  2:37  Stalker  
  28  2:44  Stalker  
  7  3:51  Probe  
  8  4:25  Probe  
  9  5:04  Probe  
  10  5:16  Probe  
  11  5:29  Probe  
  12  5:41  Probe  
  13  5:57  Adept  
  15  6:05  Probe  
  16  6:17  Probe  
  17  6:46  Probe  
  18  6:59  Probe  
  19  7:11  Probe  
  20  7:23  Probe  
  21  7:35  Probe  
Show
View Real Time Build Order
Export as new Build Order

CheesyTaste Protoss 

Build Orders: 1 Gate Expand 

Get SALT Encoding   

  12  0:00  Probe  
  13  0:12  Probe  
  14  0:19  Pylon  
  14  0:25  Probe  
  15  0:39  Gateway  
  15  0:50  Gateway  
  15  1:19  Nexus  
  15  1:28  Zealot  
  15  1:33  Zealot  
  19  1:49  Zealot  
  18  1:54  Zealot  
  18  1:58  Pylon  
  22  2:10  Zealot  
  24  2:29  Probe  
  25  2:41  Probe  
  26  2:53  Probe  
  27  3:05  Probe  
  25  3:17  Probe  
  24  3:29  Probe  
  25  3:41  Probe  
  24  3:53  Probe  
  20  4:06  Probe  
  20  4:15  Probe  
  18  4:19  Forge  
  18  4:23  Probe  
  19  4:30  Pylon  
  20  4:32  Probe  
  20  4:35  Pylon  
  21  4:52  Photon Cannon  
  20  4:54  Photon Cannon  
  17  5:11  Probe  
  18  5:23  Probe  
  17  6:11  Pylon  
  17  6:19  Photon Cannon  
  17  6:30  Photon Cannon  
  17  6:35  Photon Cannon  
  16  6:47  Probe  
  16  6:50  Photon Cannon  
  14  6:55  Probe  
Tags
 
Add a new tag
Caveats
  • Supply blocks, unpowered buildings, or Contaminate may cause inaccurate times.
  • Supply counts are checked every 10 seconds.